 Dungeon Crawl Stone Soup version 0.20.1-1-g8b1a95d (webtiles) character file.

112 Meenos the Skirmisher (level 4, -2/48 HPs)
             Began as an Ogre Skald on Nov 16, 2017.
             Succumbed to Irenicus's ghost's sting
             ... on level 3 of the Dungeon.
             The game lasted 00:32:10 (2364 turns).

Meenos the Skirmisher (Ogre Skald)                  Turns: 2364, Time: 00:32:10

Health: -2/48      AC:  3    Str: 15    XL:     4   Next: 95%
Magic:  0/8        EV: 11    Int: 14    God:
Gold:   170        SH:  0    Dex:  9    Spells: 6/9 levels left

rFire    . . .     SeeInvis .   q - +2 dagger (vamp)
rCold    . . .     Gourm    .   (no shield)
rNeg     . . .     Faith    .   k - +0 robe
rPois    .         Spirit   .   (helmet restricted)
rElec    .         Reflect  .   (no cloak)
rCorr    .         Harm     .   (gloves unavailable)
MR       .....                  (boots unavailable)
Stlth    +.........             (no amulet)
Regen    0.2/turn               (no ring)
MPRegen  0.2/turn               (no ring)

@: lethally poisoned (-2 -> -51)
A: unfitting armour, tough skin 1
a: no special abilities


You were on level 3 of the Dungeon.
You were hungry.

You visited 1 branch of the dungeon, and saw 3 of its levels.

You collected 170 gold pieces.

Inventory:

Hand Weapons
 a - a +0 mace
 q - a +2 vampiric dagger (weapon)
 v - a +0 short sword of holy wrath
Missiles
 g - 52 sling bullets
 m - 68 stones (quivered)
 r - 7 tomahawks
Armour
 k - a +0 robe (worn)
 s - a +0 shield
Wands
 u - a wand of polymorph (8/24)
Scrolls
 f - 3 scrolls of teleportation {unknown}
 h - a scroll of remove curse {unknown}
 i - a scroll of identify {unknown}
 l - a scroll of enchant armour {unknown}
 n - 3 scrolls of enchant weapon {unknown}
 y - a scroll of fog {unknown}
Potions
 b - a potion of lignification {unknown}
 e - a potion of degeneration {unknown}
 t - a potion of might {unknown}
 z - a potion of berserk rage {unknown}
Books
 c - a book of Battle

   Spells                             Type                      Level
   a - Infusion                       Charms                       1
   b - Shroud of Golubria             Charms/Translocation         2
   c - Song of Slaying                Charms                       2
   d - Spectral Weapon                Hexes/Charms                 3
   e - Regeneration                   Charms/Necromancy            3
Comestibles
 d - a bread ration
 o - 4 meat rations
 p - 2 royal jellies
 x - 4 fruits


   Skills:
 + Level 4.0 Fighting
 - Level 1.7 Maces & Flails
 + Level 3.6 Dodging
 + Level 3.2 Spellcasting
 - Level 2.6 Charms


You had 6 spell levels left.
You knew the following spells:

 Your Spells              Type           Power        Failure   Level  Hunger
a - Infusion              Chrm           #...         7%          1    #......
b - Song of Slaying       Chrm           #.......     11%         2    ##.....


Dungeon Overview and Level Annotations

Branches:
Dungeon (3/15)

Altars:

Annotations:
D:3 Irenicus's ghost, amateur NaVM


Innate Abilities, Weirdness & Mutations

You are too large for most types of armour.
You have tough skin. (AC +1)


Message History

You hit Irenicus's ghost.
Irenicus's ghost is heavily damaged.
You are no longer magically infusing your attacks.
* * * LOW HITPOINT WARNING * * *
You feel very sick. Irenicus's ghost hits you.
* * * LOW HITPOINT WARNING * * *
You are more poisoned.
You closely miss Irenicus's ghost.
Irenicus's ghost is heavily damaged.
* * * LOW HITPOINT WARNING * * *
You feel very sick. Irenicus's ghost casts a spell at you. The sting hits you!
You are more poisoned.
* * * LOW HITPOINT WARNING * * *
You hit Irenicus's ghost.
Irenicus's ghost is heavily damaged.
Your song has ended.
You die...

##########
#........#
#.######.# #)# #.#
########.######.#
##.#.....[....##.#
#....####.###.##.#
.....# #.# # #@#
#....# #.###.##W#
##.#.# #........#
.....# ####....##
##.### #..#.# #+#
.....#.# ..... #.#
..... ..# ##.# ..#


You could see Irenicus's ghost.

Vanquished Creatures
  3 adders (D:2)
  2 worms (D:2)
  A dart slug (D:2)
  A leopard gecko (D:3)
  4 orcs
  2 bats (D:1)
  4 giant cockroaches
  10 goblins
  4 hobgoblins
  8 jackals (D:2)
  A quokka (D:2)
  3 ball pythons
  3 frilled lizards
  8 kobolds
  18 rats
72 creatures vanquished.

Notes
Turn   | Place    | Note
-------+----------+-------------------------------------------
     0 | D:1      | Meenos the Ogre Skald began the quest for the Orb.
     0 | D:1      | Reached XP level 1. HP: 22/22 MP: 3/3
    30 | D:1      | Reached skill level 3 in Fighting
    42 | D:1      | Reached XP level 2. HP: 23/31 MP: 2/5
   521 | D:1      | Reached XP level 3. HP: 27/37 MP: 1/6
  1236 | D:2      | Reached XP level 4. HP: 48/48 MP: 2/8
  1408 | D:2      | Learned a level 2 spell: Song of Slaying
  1960 | D:2      | Reached skill level 4 in Fighting
  2339 | D:3      | Noticed Irenicus's ghost (amateur NaVM)
  2363 | D:3      | HP: 1/48 [Irenicus's ghost/sting (3)]
  2364 | D:3      | Succumbed to Irenicus's ghost's sting

Skill      XL: |  1  2  3  4 |
---------------+-------------+-----
Fighting       | 3 4 |  4.0
Dodging        | 3 |  3.6
Spellcasting   | 3 |  3.2
Maces & Flails | |  1.7
Charms         | |  2.6

Action                   |  1- 3 |  4- 6 || total
-------------------------+-------+-------++-------
Melee: Mace              |    98 |    69 ||   167
       Dagger            |    21 |    47 ||    68
 Cast: Infusion          |     7 |    12 ||    19
       Song of Slaying   |       |     3 ||     3
  Use: Potion            |       |     3 ||     3
 Stab: Sleeping          |     1 |       ||     1
  Eat: Chunk             |     1 |     4 ||     5
       Bread ration      |     1 |     1 ||     2
Armor: Robe              |    35 |    33 ||    68
Dodge: Dodged            |    68 |   100 ||   168
